 Dungeon Crawl Stone Soup version 0.30-a0-723-gc1506a1cf0 (webtiles) character file.

Game seed: 9246176117973316396

12245 ASSMAN the Covert (level 12, -27/78 HPs)
             Began as a Kobold Hunter on Jan 29, 2023.
             Was an Initiate of Gozag.
             Annihilated by a skeletal warrior
             ... wielding a +0 battleaxe
              (28 damage)
             ... on level 10 of the Dungeon.
             The game lasted 00:18:32 (9395 turns).

ASSMAN the Covert (Kobold Hunter)                   Turns: 9395, Time: 00:18:33

Health: -27/78     AC:  5    Str:  9    XL:     12   Next: 17%
Magic:  12/12      EV: 29    Int: 10    God:    Gozag
Gold:   2268       SH:  0    Dex: 35    Spells: 11/11 levels left

rFire   . . .      SeeInvis .    a - +0 shortbow
rCold   . . .      Faith    .    (shield currently unavailable)
rNeg    . . .      Spirit   .    c - +0 leather armour
rPois   .          Reflect  .    h - +1 hat
rElec   .          Harm     .    r - +0 cloak {Will+}
rCorr   .          Rampage  .    (no gloves)
Will    +....                    (no boots)
Stlth   +++++++                  l - amulet of regeneration
HPRegen 1.13/turn                f - +6 ring of dexterity
MPRegen 0.13/turn                F - +6 ring of dexterity

@: on berserk cooldown, slowed, very slow
A: small, no large weapons, nightstalker 3
a: Renounce Religion, Potion Petition, Call Merchant, Bribe Branch


You were on level 10 of the Dungeon.
You worshipped Gozag.
Gozag was most pleased with you.
You visited 2 branches of the dungeon, and saw 11 of its levels.
You also visited: Sewer.

You collected 2303 gold pieces.
You paid 35 gold pieces to Gozag.

Inventory:

Hand Weapons
 a - a +0 shortbow (weapon)
Armour
 c - a +0 leather armour (worn)
 h - a +1 hat (worn)
 r - a +0 cloak of willpower (worn)
Jewellery
 e - a ring of see invisible
 f - a +6 ring of dexterity (left hand)
 l - an amulet of regeneration (around neck)
 F - a +6 ring of dexterity (right hand)
 G - a +4 ring of protection
 I - a ring of protection from cold
Wands
 J - a wand of flame (20)
 K - a wand of iceblast (13)
Scrolls
 b - 4 scrolls of immolation
 d - 4 scrolls of identify
 i - a scroll of noise {unknown}
 m - 3 scrolls of fog {unknown}
 o - a scroll of enchant weapon {unknown}
 p - 2 scrolls of silence {unknown}
 u - 3 scrolls of fear {unknown}
 w - a scroll of magic mapping {unknown}
 y - 2 scrolls of vulnerability {unknown}
 z - 2 scrolls of amnesia {unknown}
 A - a scroll of brand weapon {unknown}
 D - a scroll of acquirement {unknown}
 H - a scroll of enchant armour {unknown}
Potions
 g - a potion of might
 j - 3 potions of haste
 k - 2 potions of lignification
 n - 2 potions of resistance
 s - a potion of attraction
 t - 2 potions of curing
 v - a potion of flight
 x - a potion of magic
 B - 3 potions of brilliance
 L - a potion of invisibility {unknown}
 M - a potion of mutation {unknown}


   Skills:
 + Level 10.5 Fighting
 + Level 13.2 Ranged Weapons
 + Level 11.4 Dodging
 + Level 13.2 Stealth


You had 11 spell levels left.
You didn't know any spells.
Your spell library contained the following spells:

 Spells                   Type           Power      Damage    Failure   Level
 Magic Dart               Conj           0%         1d3       47%         1
 Blink                    Tloc           0%         N/A       63%         2
 Call Imp                 Summ           0%         N/A       63%         2
 Lesser Beckoning         Tloc           0%         N/A       63%         2
 Momentum Strike          Conj/Tloc      0%         3d8       63%         2
 Call Canine Familiar     Summ           0%         N/A       85%         3
 Hailstorm                Conj/Ice       0%         3d3       85%         3
 Inner Flame              Hex/Fire       0%         N/A       85%         3
 Mephitic Cloud           Conj/Pois/Air  0%         N/A       85%         3
 Portal Projectile        Hex/Tloc       0%         N/A       85%         3
 Flame Wave               Conj/Fire      0%         2d4       99%         4
 Ice Form                 Ice/Tmut       0%         N/A       99%         4
 Leda's Liquefaction      Hex/Erth       0%         N/A       99%         4
 Sticky Flame             Conj/Fire      0%         2d3       99%         4
 Alistair's Intoxication  Tmut/Pois      0%         N/A       100%        5
 Borgnjor's Vile Clutch   Necr/Erth      0%         N/A       100%        5
 Eringya's Noxious Bog    Tmut/Pois      0%         N/A       100%        6
 Simulacrum               Ice/Necr       Unusable   N/A       N/A         6

Dungeon Overview and Level Annotations

Branches:
Dungeon (10/15)            Temple (1/1) D:4            Lair (0/5) D:9
    Orc (0/2) D:10          Sewer (visited)

Altars:
Ashenzari
Cheibriados
Dithmenos
Elyvilon
Fedhas
Gozag
Hepliaklqana
Kikubaaqudgha
Makhleb
Nemelex Xobeh
Okawaru
Qazlal
Ru
Sif Muna
Trog
Uskayaw
Vehumet
Wu Jian
Xom
Yredelemnul
Zin
The Shining One

Shops:
D:3 *   D:8 *


Innate Abilities, Weirdness & Mutations

You are small and have problems with some larger weapons.
You are completely attuned to the shadows.


Message History

The orc wizard mumbles some strange words.
The orc wizard flickers and vanishes!
Deactivating autopickup; reactivate with Ctrl-A.
The yak gores you!
* * * LOW HITPOINT WARNING * * *
You are too berserk!
Really attack while wielding your +0 shortbow?
Okay, then.
You feel a strong urge to attack something.
The vampire mosquito closely misses you.
The vampire mosquito barely misses you. The yak misses you.
The skeletal warrior hits you with a +0 battleaxe!!
* * * LOW HITPOINT WARNING * * *
The vampire mosquito misses you.
You hear a howl!
You hear a shout!
You feel your anger nearly subside.
The vampire mosquito completely misses you.
The skeletal warrior closely misses you.
The yak misses you.
You are no longer berserk.
You are exhausted.
You feel yourself slow down.
The vampire mosquito closely misses you.
The vampire mosquito bites you but does no damage.
The vampire mosquito completely misses you.
The yak misses you.
The skeletal warrior closely misses you.
The vampire mosquito completely misses you.
A kobold demonologist comes into view.
It is wielding a +0 dagger and carrying a wand of paralysis (5).
The yak misses you. The skeletal warrior barely misses you.
The vampire mosquito misses you.
The vampire mosquito completely misses you.
The yak completely misses you. The skeletal warrior misses you.
The vampire mosquito closely misses you.
The vampire mosquito completely misses you.
The yak gores you!
* * * LOW HITPOINT WARNING * * *
The skeletal warrior hits you with a +0 battleaxe!!
You die...
Your body crumbles into a pile of gold.

..
................##....##.|
##
####'#####'###..##....##..
#...## #..##..##....##.. $
#.###.####.##..##....##..
$ #'.
##'.....'........#...
.#.###.##.####...#....#...
#.h.###.(# #...#....#...
##C#####+###...#....#... $
$ ocz$$#8@y.8#...#....####
#$lo$g#Yz#.K#...#....# #
'$$$${oQ###.'..[#....# # $
$ $$$.h#..#..#...#..### #
$ $$$..#8...8#.[<...# #
###'###......# #
##...##......######
#.###.#........(..#
+#..)#+...........#


You could see a skeletal warrior, a tengu warrior, a kobold demonologist, a yak,
an orc warrior, a vampire mosquito and a howler monkey (wandering).

Vanquished Creatures
  A two-headed ogre (D:10)
  A wolf spider (D:10)
  A kobold demonologist (D:9)
  An unseen horror (D:10)
  A hornet (D:8)
  A shadow (D:10)
  25 yaks
  2 steam dragons
  A wraith (D:10)
  A basilisk (D:10)
  3 wargs
  2 water moccasins
  Edmund (D:4)
  6 orc warriors
  5 ice beasts
  2 black bears
  A meliai simulacrum (D:10)
  A sky beast (D:6)
  A centaur (D:10)
  2 ogres
  A phantom (D:5)
  6 kobold brigands
  3 bullfrogs
  A necrophage (D:5)
  2 gnoll sergeants (D:8)
  2 scorpions
  22 wights
  13 killer bees
  3 howler monkeys (D:10)
  5 hounds
  9 orc priests
  3 jellies
  3 iguanas (D:4)
  9 orc wizards
  6 gnolls
  14 adders
  A river rat (D:6)
  A white imp (D:7)
  2 ufetubi (D:7)
  3 worms
  A dart slug (D:1)
  26 orcs
  6 bats
  10 endoplasms
  16 giant cockroaches
  8 goblins
  4 hobgoblins
  2 jackals (D:5)
  25 kobolds
  7 quokkas
  14 ball pythons
  13 frilled lizards
  4 rats
  A spectral goblin (D:8)
305 creatures vanquished.

Vanquished Creatures (others)
  A wizard (D:10)
  A shadow (D:10)
  A jelly (D:5)
  A kobold (D:3)
  A goblin (D:3)
  A plant (D:4)
6 creatures vanquished.

Grand Total: 311 creatures vanquished

Notes
Turn   | Place    | Note
-------+----------+-------------------------------------------
     0 | D:1      | ASSMAN the Kobold Hunter began the quest for the Orb.
     0 | D:1      | Reached XP level 1. HP: 12/12 MP: 1/1
   129 | D:1      | Reached XP level 2. HP: 18/18 MP: 2/2
   730 | D:1      | Reached XP level 3. HP: 22/22 MP: 3/3
  1085 | D:2      | Reached XP level 4. HP: 27/27 MP: 4/4
  1459 | D:3      | Found a shadowy altar of Dithmenos.
  1462 | D:3      | Found Atugeam's General Store.
  1743 | D:3      | Found a shimmering altar of Xom.
  1880 | D:3      | Reached XP level 5. HP: 32/32 MP: 5/5
  2568 | D:3      | Found a broken altar of Ashenzari.
  2654 | D:4      | Reached XP level 6. HP: 31/38 MP: 6/6
  2681 | D:4      | Found a staircase to the Ecumenical Temple.
  2691 | Temple   | Entered the Ecumenical Temple
  3015 | Temple   | Became a worshipper of Gozag Ym Sagoz the Greedy
  3065 | D:4      | Noticed a black bear
  3074 | D:4      | Killed a black bear
  3178 | D:4      | Reached XP level 7. HP: 43/43 MP: 7/7
  3256 | D:4      | Reached skill level 5 in Stealth
  3319 | D:4      | Noticed Edmund
  3339 | D:4      | Killed Edmund
  3340 | D:4      | Reached skill level 5 in Dodging
  3686 | D:5      | Entered Level 5 of the Dungeon
  3698 | D:5      | Noticed a steam dragon
  3712 | D:5      | Killed a steam dragon
  3713 | D:5      | Reached skill level 5 in Fighting
  3713 | D:5      | Reached XP level 8. HP: 15/49 MP: 8/8
  3950 | D:5      | Found a bloodstained altar of Trog.
  4158 | D:5      | Reached XP level 9. HP: 55/55 MP: 9/9
  4361 | D:6      | Found a glowing drain.
  4449 | Sewer    | Entered a sewer
  6066 | D:7      | Reached skill level 10 in Ranged Weapons
  6071 | D:7      | Reached XP level 10. HP: 63/63 MP: 10/10
  6555 | D:8      | Noticed a catoblepas
  6722 | D:8      | Found a hazy altar of Hepliaklqana.
  6750 | D:8      | Found Dyufirex's General Store.
  6812 | D:8      | Reached skill level 10 in Stealth
  6867 | D:8      | Found an iron altar of Okawaru.
  7089 | D:8      | Noticed a brown ugly thing
  7089 | D:8      | Noticed a tengu warrior
  7230 | D:8      | Found a blossoming altar of Fedhas.
  7303 | D:10     | Entered Level 10 of the Dungeon
  7343 | D:9      | Noticed a kobold demonologist
  7576 | D:9      | HP: 3/65 [orc priest/divine providence (11)]
  7656 | D:9      | Reached XP level 11. HP: 64/69 MP: 11/11
  7782 | D:9      | Found a staircase to the Lair.
  7884 | D:9      | Reached skill level 10 in Dodging
  8185 | D:9      | Noticed a sixfirhy
  8191 | D:9      | Noticed a sun demon
  8253 | D:9      | Found an ornate altar of the Wu Jian Council.
  8771 | D:10     | Noticed a two-headed ogre
  8777 | D:10     | Killed a two-headed ogre
  8778 | D:10     | Reached skill level 10 in Fighting
  8950 | D:10     | Found a staircase to the Orcish Mines.
  9081 | D:10     | Found a shimmering blue altar of Sif Muna.
  9111 | D:10     | Reached XP level 12. HP: 71/77 MP: 12/12
  9187 | D:10     | Noticed a skeletal warrior
  9210 | D:10     | Noticed a centaur warrior
  9210 | D:10     | Noticed a stone giant
  9368 | D:10     | Noticed a tengu warrior
  9390 | D:10     | HP: 2/117 [skeletal warrior/+0 battleaxe (32)]
  9395 | D:10     | HP: 1/78 [yak (7)]
  9395 | D:10     | Annihilated by a skeletal warrior

Illustrated notes

Levels and vault maps discovered:
D:1:      ncdulo_wetmaze, layout_loops_ring, corexii_hall_statues_i,
          minmay_tetromino_i2
D:2:      layout_loops_ring, moated_statue
D:3:      layout_basic, dk_xom_monty_hall, mainiacjoe_overflow_cross_hatched,
          general_overflow_altar, serial_shops, nicolae_shop_stone,
          minmay_snake_closets
D:4:      layout_cave_pools, minmay_temple_entry_gardened_gates,
          serial_column_ruins, column_ruins_square_large,
          column_ruins_open_large, column_ruins_corridor_corner,
          column_ruins_columns_straight, column_ruins_grid_1,
          column_ruins_open_tiny, uniq_edmund
D:5:      layout_basic, kennysheep_mini_moat
D:6:      layout_loops_ring, portal_sewer_entry_b
D:7:      layout_basic, serial_bayou_crossing
D:8:      layout_basic, mainiacjoe_overflow_six_doors_small, marbit_many_paths,
          nicolae_hepliaklqana_monster_ancestors, serial_shops,
          nicolae_lakefront_shop, minmay_misc_feat_pillars,
          onia_ninara_dug_in_and_dangerous
D:9:      layout_loops_ring, overflow_temple_1_default,
          erik_lair_orcish_takeover, kennysheep_generic_room_10
D:10:     minmay_the_grid_square_5x5_4x4 [minmay_the_grid_square_5x5_two,
          minmay_the_grid_square_5x5_gyroscope,
          minmay_the_grid_square_5x5_pentomino_r,
          minmay_the_grid_square_5x5_n_small,
          minmay_the_grid_square_5x5_intrusive_squares,
          minmay_the_grid_square_5x5_prize_waves,
          minmay_the_grid_square_5x5_prize_junk, minmay_the_grid_square_5x5_n,
          minmay_the_grid_square_5x5_fancy_junction,
          minmay_the_grid_square_5x5_prize_monsterx,
          minmay_the_grid_square_5x5_prize_gold, minmay_the_grid_square_5x5_c,
          minmay_the_grid_square_5x5_corner,
          minmay_the_grid_square_5x5_six_small,
          minmay_the_grid_square_5x5_shrine2,
          minmay_the_grid_square_5x5_detours], layout_basic,
          mainiacjoe_overflow_catwalk, wad_floor_pattern_untrapped
Temple:   oiseaux_autumnal_temple

Skill      XL: |  1  2  3  4  5  6  7  8  9 10 11 12 |
---------------+-------------------------------------+-----
Stealth        | 2 3 4 6 7 9 11 12 13 | 13.2
Dodging        | 3 4 5 6 8 9 11 | 11.4
Fighting       | 3 4 5 6 7 8 10 | 10.5
Ranged Weapons | 6 7 8 10 11 12 13 | 13.2

Action                     |  1- 3 |  4- 6 |  7- 9 | 10-12 || total
---------------------------+-------+-------+-------+-------++-------
   Fire: Shortbow          |    77 |   111 |   373 |   661 ||  1222
    Use: Potion            |       |       |     2 |    13 ||    15
         Scroll            |       |       |       |    13 ||    13
 Armour: Leather armour    |     7 |    14 |    55 |    44 ||   120
         Skin              |       |       |       |     6 ||     6
  Dodge: Dodged            |    27 |    61 |   368 |   635 ||  1091

Table legend: (Time is in decaauts)
 A = Elapsed time spent in this place.
 B = Non-inter-level travel time spent in this place.
 C = Inter-level travel time spent in this place.
 D = Time resting spent in this place.
 E = Time spent auto-exploring this place.
 F = Levels seen in this place.
 G = Mean time per level.
                   A        B        C        D        E       F      G
               +--------+--------+--------+--------+--------+-----+--------+
         Total |   9625 |   9342 |    283 |    304 |   7130 |  12 |  802.1 |
       Dungeon |   8474 |   8207 |    267 |    304 |   6142 |  10 |  847.4 |
        Temple |    353 |    337 |     16 |      0 |    290 |   1 |  353.0 |
         Sewer |    797 |    797 |      0 |      0 |    697 |   1 |  797.0 |
               +--------+--------+--------+--------+--------+-----+--------+

Top non-repeatable levels by time:
     D:3: 1212 daAuts
     D:9: 1137 daAuts
     D:8: 1043 daAuts
    D:10: 861 daAuts
     D:6: 850 daAuts
   Sewer: 797 daAuts
     D:1: 782 daAuts
     D:4: 742 daAuts
     D:2: 676 daAuts
     D:5: 605 daAuts
     D:7: 562 daAuts
  Temple: 353 daAuts
